 Dungeon Crawl Stone Soup version 0.27.1-34-g3ba077fa99 (webtiles) character file.

Game seed: 9460897793300348508

401 Delamore the Covert (level 6, -2/39 HPs)
             Began as an Octopode Brigand on Feb 4, 2022.
             Slain by Blork the orc (11 damage)
             ... on level 4 of the Dungeon.
             The game lasted 00:03:09 (3619 turns).

Delamore the Covert (Octopode Brigand)              Turns: 3619, Time: 00:03:10

Health: -2/39      AC:  1    Str: 10    XL:     6   Next: 85%
Magic:  6/6        EV: 13    Int: 13    God:
Gold:   152        SH:  5    Dex: 16    Spells: 5/5 levels left

rFire    . . .     SeeInvis .   a - +2 dagger
rCold    . . .     Faith    .   (no shield)
rNeg     . . .     Spirit   .   (helmet restricted)
rPois    .         Reflect  +   l - amulet of reflection
rElec    .         Harm     .   (no ring)
rCorr    .         Rampage  .   (no ring)
Will     .....                  (no ring)
Stlth    +++++.....             (no ring)
HPRegen  0.13/turn              (no ring)
MPRegen  0.10/turn              (no ring)
                                (no ring)
                                (no ring)

@: no status effects
A: almost no armour, amphibious, 8 rings, camouflage 1, gelatinous body 1,
(nimble swimmer 1), tentacles
a: no special abilities


You were on level 4 of the Dungeon.
You visited 1 branch of the dungeon, and saw 5 of its levels.

You collected 152 gold pieces.

Inventory:

Hand Weapons
 a - a +2 dagger (weapon)
 h - a +0 rapier
Missiles
 b - 13 poisoned darts (quivered)
 c - 2 curare-tipped darts
 q - 5 boomerangs
Jewellery
 l - an amulet of reflection (around mantle)
Scrolls
 f - a scroll of fog
 g - a scroll of amnesia
 m - a scroll of silence {unknown}
 n - a scroll of blinking {unknown}
 o - a scroll of vulnerability {unknown}
Potions
 d - 3 potions of curing
 e - a potion of haste {unknown}
 i - a potion of might {unknown}
 j - a potion of lignification {unknown}
 k - a potion of heal wounds {unknown}
 p - a potion of ambrosia {unknown}


   Skills:
 - Level 2.0 Fighting
 + Level 4.3 Short Blades
 - Level 2.0 Throwing
 - Level 1.0 Dodging
 * Level 9.6 Stealth


You had 5 spell levels left.
You didn't know any spells.
Your spell library contained the following spells:

 Spells                   Type           Power      Damage    Failure   Level
 Slow                     Hex            0%         N/A       43%         2
 Confusing Touch          Hex            0%         N/A       67%         3
 Vampiric Draining        Necr           0%         2d6       67%         3
 Airstrike                Air            0%         N/A       97%         4
 Summon Lightning Spire   Summ/Air       0%         N/A       97%         4
 Lightning Bolt           Conj/Air       0%         1d11      100%        5


Dungeon Overview and Level Annotations

Branches:
Dungeon (5/15)
 Temple: D:4-7

Altars:

Annotations:
D:4 Blork the orc


Innate Abilities, Weirdness & Mutations

You cannot wear most types of armour.
You are amphibious.
You can wear up to eight rings at the same time.
Your skin changes colour to match your surroundings (Stealth+).
Your rubbery body absorbs attacks. (AC +1, EV +1)
((You are camouflaged near water. (Stealth+)))
You have tentacles for arms and can constrict up to eight enemies at once.


Message History

The slug dart reflects off an invisible shield around you!
The slug dart hits the dart slug.
You hit the orc. You grab the orc. You squeeze the orc.
You kill the orc!
Blork the orc begins to cast a cantrip, but forgets the words!
An orc comes into view. It is wielding a +0 dagger.
The orc shouts!
You hit the orc. Your grab misses the orc.
The orc is lightly wounded.
Things that are here:
a +0 mace; an orc corpse The dart slug launches a dart at you.
The slug dart misses you.
The orc wizard points at you and mumbles some strange words.
You resist with some effort. The dart slug launches a dart at you.
The slug dart misses you.
Blork the orc points at you and mumbles some strange words.
The puff of flame hits you!
Blork the orc points at you and mumbles some strange words.
The puff of frost hits you. The orc hits you with a +0 dagger.
The orc wizard casts a spell.
The orc wizard flickers and vanishes!
Deactivating autopickup; reactivate with Ctrl-A.
Blork the orc casts a spell at you. The puff of flame misses you.
The giant cockroach waves its antennae.
Blork the orc casts a spell at you. The magic dart hits you!
Things that are here:
a +0 leather armour; a +0 falchion; an orc skeleton Blork the orc curses to no one in particular.
Blork the orc points at you and mumbles some strange words.
The magic dart hits you!
* * * LOW HITPOINT WARNING * * *
Okay, then.
It was a potion of curing.
You feel better.
Blork the orc hits you with a +0 war axe!
You die...

#.#........)...)..#
#.......#.##...####
###....##.####.#
#.##.......#.##
#.##.##.##.#.)#
###.#.)).>##..#.#
#.....)######.#.#
#......# #.#.# #.....@#
#.#.. . #.....o# #.##.
.. ######.# #. .##
#.#... #.## #.##..##
#..... #..# ..#..#
#...###o# ..#.#
#......B########.#.####
#...#)#...o.oB.........
#...#......#####...#...


You could see Blork the orc (fast), an orc and a giant cockroach.

Vanquished Creatures
  A black bear (D:4)
  An ogre (D:4)
  2 orc priests (D:4)
  A jelly (D:5)
  7 adders
  A worm (D:3)
  2 dart slugs
  9 orcs
  7 endoplasms
  4 giant cockroaches
  4 goblins
  5 hobgoblins
  5 jackals
  3 quokkas
  6 ball pythons
  5 bats
  6 frilled lizards
  A kobold (D:3)
  5 rats
75 creatures vanquished.

Vanquished Creatures (others)
  A kobold (D:4)
1 creature vanquished.

Grand Total: 76 creatures vanquished

Notes
Turn   | Place    | Note
-------+----------+-------------------------------------------
     0 | D:1      | Delamore the Octopode Brigand began the quest for the Orb.
     0 | D:1      | Reached XP level 1. HP: 14/14 MP: 1/1
   314 | D:1      | Reached XP level 2. HP: 19/19 MP: 2/2
   465 | D:1      | Reached skill level 6 in Stealth
   935 | D:1      | Reached XP level 3. HP: 14/24 MP: 3/3
  1754 | D:2      | Reached XP level 4. HP: 29/29 MP: 4/4
  1756 | D:2      | Reached skill level 7 in Stealth
  2662 | D:4      | Reached XP level 5. HP: 34/34 MP: 5/5
  2730 | D:4      | Noticed a black bear
  2773 | D:4      | Killed a black bear
  2774 | D:4      | Reached skill level 8 in Stealth
  2867 | D:4      | Reached XP level 6. HP: 39/39 MP: 6/6
  2931 | D:4      | Reached skill level 9 in Stealth
  3144 | D:5      | Entered Level 5 of the Dungeon
  3586 | D:4      | Noticed Blork the orc
  3619 | D:4      | Slain by Blork the orc

Illustrated notes

Levels and vault maps discovered:
D:1:      dpeg_arrival_solitude, layout_loops_ring, chequers_decorated_corner
D:2:      layout_rooms, hex_tiny, minmay_stone_trees_medium
D:3:      layout_rooms
D:4:      layout_rooms, uniq_ijyb, uniq_blork_the_orc
D:5:      layout_rooms, minmay_temple_entry_ruins

Skill      XL: |  1  2  3  4  5  6 |
---------------+-------------------+-----
Stealth        | 6 7 8 9 |  9.6
Short Blades   | 3 4 |  4.3
Fighting       | |  2.0
Throwing       | |  2.0
Dodging        | |  1.0

Action                   |  1- 3 |  4- 6 || total
-------------------------+-------+-------++-------
Melee: Dagger            |    67 |    81 ||   148
       Constrict         |    11 |    19 ||    30
       Tentacles         |     6 |    19 ||    25
Throw: Dart              |       |    11 ||    11
  Use: Scroll            |       |     2 ||     2
       Potion            |       |     1 ||     1
 Stab: Sleeping          |    21 |    10 ||    31
       Distracted        |     1 |       ||     1
Armor: Skin              |     1 |     4 ||     5
Dodge: Dodged            |    26 |    36 ||    62
Block: Other             |       |     8 ||     8
       Reflection        |       |     3 ||     3
